 Dungeon Crawl Stone Soup version 0.28-a0-726-g4a9143789a (webtiles) character file.

Game seed: 7934864881760445683

7 kae the Sneak (level 1, 0/9 HPs)
             Began as a Spriggan Enchanter on Oct 27, 2021.
             Slain by a hobgoblin (3 damage)
             ... on level 1 of the Dungeon.
             The game lasted 00:00:23 (424 turns).

kae the Sneak (Spriggan Enchanter)                   Turns: 424, Time: 00:00:24

Health: 0/9        AC:  2    Str:  4    XL:     1   Next: 83%
Magic:  5/5        EV: 17    Int: 16    God:
Gold:   52         SH:  0    Dex: 15    Spells: 5/5 levels left

rFire   . . .      SeeInvis +   a - +1 dagger
rCold   . . .      Faith    .   (shield restricted)
rNeg    . . .      Spirit   .   b - +0 robe
rPois   .          Reflect  .   (helmet restricted)
rElec   .          Harm     .   (no cloak)
rCorr   .          Rampage  .   (gloves unavailable)
Will    .....                   (boots unavailable)
Stlth   +++.......              (no amulet)
HPRegen 0.03/turn               (no ring)
MPRegen 0.09/turn               (no ring)

@: very quick
A: very small, no large weapons, unfitting armour, see invisible, speed 3
a: no special abilities


You were on level 1 of the Dungeon.
You visited 1 branch of the dungeon, and saw 1 of its levels.

You collected 52 gold pieces.

Inventory:

Hand Weapons
 a - a +1 dagger (weapon)
Armour
 b - a +0 robe (worn)
Jewellery
 e - a ring of willpower
Scrolls
 f - a scroll of identify {unknown}
 g - 3 scrolls of vulnerability {unknown}
Potions
 c - a potion of invisibility
 d - a potion of haste {unknown}


   Skills:
 + Level 0.1 Fighting
 * Level 1.5 Short Blades
 + Level 2.8 Dodging
 + Level 4.6 Stealth
 + Level 2.7 Spellcasting
 + Level 3.7 Hexes


You had 5 spell levels left.
You didn't know any spells.
Your spell library contained the following spells:

 Spells                   Type           Power      Damage    Failure   Level
 Confusing Touch          Hex            14%        N/A       13%         3
 Tukima's Dance           Hex            14%        N/A       13%         3
 Ensorcelled Hibernation  Hex/Ice        16%        N/A       14%         2
 Dazzling Flash           Conj/Hex       16%        N/A       26%         3


Dungeon Overview and Level Annotations

Branches:
Dungeon (1/15)

Altars:

Shops:
D:1 *


Innate Abilities, Weirdness & Mutations

You are very small and have problems with some larger weapons.
You are too small for most types of armour.
You have supernaturally acute eyesight. (SInv)
You cover ground extremely quickly. (Speed+++)


Message History

A giant cockroach comes into view.
A giant cockroach is nearby!
A giant cockroach is nearby!
A giant cockroach is nearby!
Found a robe.
Found 6 javelins.
A giant cockroach is nearby!
A hobgoblin comes into view.
Found 26 stones.
There are monsters nearby!
The helpless giant cockroach fails to defend itself.
You impale the giant cockroach!!
You kill the giant cockroach!
The hobgoblin shouts!
A hobgoblin is nearby!
A hobgoblin is nearby!
You barely miss the hobgoblin. The hobgoblin hits you.
You hit the hobgoblin but do no damage. The hobgoblin completely misses you.
You hit the hobgoblin.
The hobgoblin is severely wounded.
The hobgoblin barely misses you.
You barely miss the hobgoblin.
The hobgoblin is heavily wounded.
The hobgoblin barely misses you.
You closely miss the hobgoblin.
The hobgoblin is moderately wounded.
The hobgoblin misses you.
You completely miss the hobgoblin.
The hobgoblin is moderately wounded.
The hobgoblin hits you.
A hobgoblin is nearby!
You are too injured to fight recklessly!
You are too injured to fight recklessly!
A hobgoblin is nearby!
You are too injured to fight recklessly!
You are too injured to fight recklessly!
You barely miss the hobgoblin.
The hobgoblin is moderately wounded.
The hobgoblin hits you.
You die...

#...# ##.## #+# #.#
#### #.### #.# #[.
....### #.# #.#
##......
#.####.####....#
#............(.#
######.###.....###.#
#.# #..@g...... #.#
####..###.# #..
.(... ### ######


You could see a hobgoblin.

Vanquished Creatures
  A bat (D:1)
  An endoplasm (D:1)
  A giant cockroach (D:1)
  2 ball pythons (D:1)
  A frilled lizard (D:1)
  A rat (D:1)
7 creatures vanquished.

Notes
Turn   | Place    | Note
-------+----------+-------------------------------------------
     0 | D:1      | kae the Spriggan Enchanter began the quest for the Orb.
     0 | D:1      | Reached XP level 1. HP: 9/9 MP: 5/5
     0 | D:1      | Noticed an ice dragon
     0 | D:1      | Noticed a red draconian
     1 | D:1      | Noticed a shadow dragon
     4 | D:1      | Noticed an orb of fire
     6 | D:1      | Noticed an iron dragon
     7 | D:1      | Noticed a green draconian
     8 | D:1      | Noticed a tentacled monstrosity
     9 | D:1      | Noticed an orb of fire
    12 | D:1      | Noticed a purple draconian
    14 | D:1      | Noticed an iron dragon
    14 | D:1      | Noticed an ice dragon
    16 | D:1      | Noticed a purple draconian
    18 | D:1      | Noticed a shadow dragon
    18 | D:1      | Noticed an orb of fire
    20 | D:1      | Noticed a large abomination
    22 | D:1      | Noticed a large abomination
    99 | D:1      | Found Reriont's Assorted Antiques.
   424 | D:1      | Slain by a hobgoblin

Illustrated notes

Levels and vault maps discovered:
D:1:      shiori_arrival_whats_in_store_for_you, layout_loops_corners,
          serial_shops, shop

Action                   || total
-------------------------++-------
Melee: Dagger            ||    16
 Stab: Sleeping          ||     5
Armor: Robe              ||     1
Dodge: Dodged            ||     6

Table legend: (Time is in decaauts)
 A = Elapsed time spent in this place.
 B = Non-inter-level travel time spent in this place.
 C = Inter-level travel time spent in this place.
 D = Time resting spent in this place.
 E = Time spent auto-exploring this place.
 F = Levels seen in this place.
 G = Mean time per level.
                   A        B        C        D        E       F      G
               +--------+--------+--------+--------+--------+-----+--------+
         Total |    265 |    265 |      0 |      0 |    225 |   1 |  265.0 |
       Dungeon |    265 |    265 |      0 |      0 |    225 |   1 |  265.0 |
               +--------+--------+--------+--------+--------+-----+--------+

Top non-repeatable levels by time:
     D:1: 265 daAuts
